 Dungeon Crawl Stone Soup version 0.22-a0-280-g69bf1f3 (webtiles) character file.

1876 tidbits the Insei (level 9, -5/79 HPs)
             Began as a Gnoll Transmuter on Mar 16, 2018.
             Killed from afar by an orc wizard (18 damage)
             ... with a puff of flame
             ... on level 6 of the Dungeon.
             The game lasted 00:24:31 (2000 turns).

tidbits the Insei (Gnoll Transmuter)                Turns: 2000, Time: 00:24:32

Health: -5/79      AC:  6    Str: 13    XL:     9   Next: 14%
Magic:  19/27      EV: 14    Int: 18    God:
Gold:   174        SH:  0    Dex: 16    Spells: 10/20 levels left

rFire    x . .     SeeInvis .     - Unarmed
rCold    + + +     Gourm    .   (shield currently unavailable)
rNeg     . . .     Faith    .   (armour currently unavailable)
rPois    +         Spirit   .   (helmet currently unavailable)
rElec    .         Reflect  .   (cloak currently unavailable)
rCorr    .         Harm     .   (gloves currently unavailable)
MR       .....                  (boots currently unavailable)
Stlth    +++.......             (no amulet)
HPRegen  0.23/turn              n - ring of magical power
MPRegen  0.20/turn              (no ring)

@: ice-form, very slightly contaminated
A: large, distributed training, strong nose
a: End Transformation


You were on level 6 of the Dungeon.
You were hungry.
You were a creature of crystalline ice.
You visited 1 branch of the dungeon, and saw 6 of its levels.
You also visited: Sewer.

You collected 174 gold pieces.

Inventory:

Hand Weapons
 c - a +0 dagger of electrocution
   (You took it off an orc wizard on level 6 of the Dungeon)
 e - a +0 dagger
Missiles
 a - 64 arrows
 m - 4 tomahawks (quivered)
Armour
 b - a +0 robe (melded)
 j - a +0 pair of gloves (melded)
 u - a +1 scale mail of positive energy
   (You took it off Edmund on level 4 of the Dungeon)
 x - a +0 pair of gloves
Jewellery
 n - a ring of magical power (left front paw)
   (You found it on level 2 of the Dungeon)
Scrolls
 f - 4 scrolls of amnesia
 g - a scroll of random uselessness {unknown}
 h - a scroll of fear
 k - a scroll of immolation
 l - a scroll of noise
 r - 2 scrolls of remove curse
 v - a scroll of blinking
 y - a scroll of teleportation {unknown}
 z - a scroll of torment {unknown}
Potions
 i - 2 potions of agility
 o - 2 potions of heal wounds
 p - 2 potions of flight {unknown}
 q - 2 potions of brilliance {unknown}
 s - 4 potions of might {unknown}
 t - 5 potions of curing
 w - a potion of lignification {unknown}
 A - a potion of ambrosia {unknown}
Comestibles
 d - 6 rations


   Skills:
 + Level 4.7 Fighting
 + Level 3.9 Short Blades
 + Level 3.9 Long Blades
 + Level 3.9 Axes
 + Level 3.9 Maces & Flails
 + Level 3.9 Polearms
 + Level 3.9 Staves
 + Level 3.9 Slings
 + Level 3.9 Bows
 + Level 3.9 Crossbows
 + Level 3.9 Throwing
 + Level 3.9 Armour
 + Level 6.1 Dodging
 + Level 3.9 Stealth
 + Level 3.9 Shields
 + Level 7.7 Unarmed Combat
 + Level 6.4 Spellcasting
 + Level 3.2 Conjurations
 + Level 3.2 Hexes
 + Level 3.2 Charms
 + Level 3.2 Summonings
 + Level 3.2 Necromancy
 + Level 3.2 Translocations
 + Level 5.0 Transmutations
 + Level 3.2 Fire Magic
 + Level 3.2 Ice Magic
 + Level 3.2 Air Magic
 + Level 3.2 Earth Magic
 + Level 3.2 Poison Magic
 + Level 4.2 Invocations
 + Level 3.9 Evocations


You had 10 spell levels left.
You knew the following spells:

 Your Spells              Type           Power        Failure   Level  Hunger
e - Beastly Appendage     Tmut           ###...       1%          1    None
i - Ice Form              Ice/Tmut       ###.....     21%         4    ####...
k - Sticks to Snakes      Tmut           ###.....     2%          2    None
p - Spider Form           Tmut/Pois      ###.......   6%          3    ##.....


Dungeon Overview and Level Annotations

Branches:
Dungeon (6/15)
 Temple: D:4-7

Altars:
Gozag
Makhleb
Qazlal
Wu Jian
Zin


Innate Abilities, Weirdness & Mutations

Your experience applies equally to all skills.
((You have very sharp teeth.))
Your uncanny sense of smell can sniff out nearby items.


Message History

Your +0 pair of gloves melds into your body.
Your +0 robe melds into your body.
You are feeling hungry.
You bite the wyvern skeleton!
The wyvern skeleton is moderately damaged.
The wyvern skeleton bites you but does no damage.
You bite the wyvern skeleton!
The wyvern skeleton is severely damaged.
The wyvern skeleton closely misses you.
You bite the wyvern skeleton!
The wyvern skeleton is almost destroyed.
The wyvern skeleton closely misses you. The wyvern skeleton barely misses you.
You bite the wyvern skeleton!
You destroy the wyvern skeleton!
Your Transmutations skill increases to level 5!
An iguana comes into view.
The iguana hisses angrily.
Casting: Spider Form (safe; 17% risk of failure)
Confirm with . or Enter, or press ? or * to list all spells.
You create a snake!
You now have 66 arrows.
Your transformation is almost over.
You hit the iguana.
The iguana is poisoned.
The iguana is lightly wounded.
The iguana completely misses you.
You hit the iguana.
The iguana looks as sick as possible!
The iguana is severely wounded.
The iguana misses you.
Your ball python bites the iguana but does no damage.
Your ball python closely misses the iguana.
You hit the iguana.
The iguana looks as sick as possible!
The iguana is almost dead.
You kill the iguana!
You open the door.
A ball python, an orc, an orc warrior and an orc wizard come into view.
The orc warrior shouts!
The ball python hisses angrily.
You closely miss the ball python.
The ball python completely misses you. x2
The orc wizard shouts!
You bite the ball python!
You kill the ball python!
An orc priest comes into view. It is wielding a hand axe.
You swap places.
Your ball python writhes in agony!
Your ball python dies!
Your transformation has ended.
Your +0 pair of gloves unmelds from your body.
Your +0 robe unmelds from your body.
You see here an iguana corpse.
Casting: Sticks to Snakes (safe; 2% risk of failure)
Confirm with . or Enter, or press ? or * to list all spells.
You create 2 snakes!
You now have 64 arrows.
The orc warrior hits your ball python with a mace!!
Your ball python dies!
Casting: Sticks to Snakes (safe; 2% risk of failure)
Confirm with . or Enter, or press ? or * to list all spells.
You miscast Ice Form.
You are very lightly contaminated with residual magic.
You feel a strange surge of energy!
Casting: Ice Form (slightly dangerous; 22% risk of failure)
Confirm with . or Enter, or press ? or * to list all spells.
You turn into a creature of crystalline ice.
Your +0 pair of gloves melds into your body.
Your +0 robe melds into your body.
The orc warrior hits you with a mace!
* * * LOW HITPOINT WARNING * * *
You punch the orc warrior! You freeze the orc warrior.
The orc warrior is moderately wounded.
Your ball python closely misses the orc warrior.
Your ball python barely misses the orc warrior.
You punch the orc warrior! You freeze the orc warrior.
The orc warrior is severely wounded.
Your ball python closely misses the orc warrior.
Your ball python grabs the orc warrior.
Your ball python constricts the orc warrior.
The orc warrior hits you with a mace.
* * * LOW HITPOINT WARNING * * *
You punch the orc warrior! You freeze the orc warrior.
You kill the orc warrior!
You punch the orc! You freeze the orc.
You kill the orc!
The orc wizard casts a cantrip, but nothing happens.
You closely miss the orc wizard.
Your ball python misses the orc wizard.
Your ball python barely misses the orc wizard.
The orc priest mumbles some strange prayers to Beogh against you.
Beogh smites you!
* * * LOW HITPOINT WARNING * * *
You punch the orc wizard! You freeze the orc wizard.
The orc wizard is severely wounded.
The orc wizard completely misses you.
Your ball python closely misses the orc wizard. x2
You barely miss the orc wizard.
The orc wizard is severely wounded.
Your ball python closely misses the orc wizard.
Your ball python barely misses the orc wizard.
The orc wizard mumbles some strange words.
The orc wizard seems to speed up.
You closely miss the orc wizard.
The orc wizard is severely wounded.
The orc wizard gestures at you while chanting.
The puff of flame hits you! The fire burns you terribly!
You die...

##############
...#.....#...#
####.#.# #.. #.##
# .......# #.#
#.##.#
.###.#.###.# #YS.#
.###.#.....##
##o##.#
..##.####...###o##
# #.#..# ##..†..##
∆ ..#### ##.####
..# #.# ..# #o#
..# #†# ..# ...


You could see an orc priest, an orc wizard and a friendly ball python.

Vanquished Creatures
  A two-headed ogre (D:6)
  Eustachio (D:4)
  The ghost of tidbits the Insei, an amateur GnTm (D:4)
  Edmund (D:4)
  An orc warrior (D:6)
  A wyvern skeleton (D:6)
  2 crimson imps (D:6)
  A hound (D:4)
  3 orc priests
  A bullfrog skeleton (D:4)
  Natasha (twice) (D:4)
  An iguana (D:6)
  2 orc wizards (D:6)
  3 worker ants
  A howler monkey skeleton (D:4)
  11 adders
  6 river rats (Sewer)
  An ooze (D:3)
  A worm (D:3)
  2 leopard geckos
  4 orcs
  6 ball pythons
  5 giant cockroaches
  4 hobgoblins
  8 jackals
  23 kobolds
  A quokka (D:3)
  6 bats
  3 frilled lizards
  8 goblins
  A jackal skeleton (D:4)
  14 rats
126 creatures vanquished.

Vanquished Creatures (collateral kills)
  An orc priest (D:5)
  2 adders
  3 river rats (Sewer)
  A hobgoblin (D:2)
  5 rats (Sewer)
12 creatures vanquished.

Grand Total: 138 creatures vanquished

Notes
Turn   | Place    | Note
-------+----------+-------------------------------------------
     0 | D:1      | tidbits the Gnoll Transmuter began the quest for the Orb.
     0 | D:1      | Reached XP level 1. HP: 17/17 MP: 6/6
   118 | D:1      | Reached XP level 2. HP: 16/23 MP: 5/7
   122 | D:1      | Learned a level 2 spell: Sticks to Snakes
   356 | D:3      | Reached XP level 3. HP: 28/28 MP: 9/9
   371 | D:3      | Learned a level 3 spell: Spider Form
   402 | D:2      | Reached skill level 5 in Spellcasting
   413 | D:2      | Reached skill level 1 in Invocations
   546 | D:3      | Reached skill level 1 in Short Blades
   546 | D:3      | Reached skill level 1 in Long Blades
   546 | D:3      | Reached skill level 1 in Axes
   546 | D:3      | Reached skill level 1 in Maces & Flails
   546 | D:3      | Reached skill level 1 in Polearms
   546 | D:3      | Reached skill level 1 in Staves
   546 | D:3      | Reached skill level 1 in Slings
   546 | D:3      | Reached skill level 1 in Bows
   546 | D:3      | Reached skill level 1 in Crossbows
   546 | D:3      | Reached skill level 1 in Throwing
   546 | D:3      | Reached skill level 1 in Armour
   546 | D:3      | Reached skill level 1 in Stealth
   546 | D:3      | Reached skill level 1 in Shields
   546 | D:3      | Reached skill level 1 in Evocations
   546 | D:3      | Reached XP level 4. HP: 22/34 MP: 6/11
   565 | D:3      | Reached skill level 1 in Conjurations
   565 | D:3      | Reached skill level 1 in Hexes
   565 | D:3      | Reached skill level 1 in Charms
   565 | D:3      | Reached skill level 1 in Summonings
   565 | D:3      | Reached skill level 1 in Necromancy
   565 | D:3      | Reached skill level 1 in Translocations
   565 | D:3      | Reached skill level 1 in Fire Magic
   565 | D:3      | Reached skill level 1 in Ice Magic
   565 | D:3      | Reached skill level 1 in Air Magic
   565 | D:3      | Reached skill level 1 in Earth Magic
   565 | D:3      | Reached skill level 1 in Poison Magic
   736 | D:3      | Found a burning altar of Makhleb.
   746 | D:3      | Found a stormy altar of Qazlal.
   749 | D:3      | Found an ornate altar of the Wu Jian Council.
   752 | D:3      | Found an opulent altar of Gozag.
   771 | D:3      | Found a glowing silver altar of Zin.
   900 | D:3      | Reached XP level 5. HP: 35/40 MP: 12/12
   992 | D:3      | Found a glowing drain.
  1007 | Sewer    | Entered a sewer
  1027 | Sewer    | Reached skill level 3 in Fighting
  1032 | Sewer    | Reached skill level 4 in Transmutations
  1133 | Sewer    | Reached XP level 6. HP: 42/47 MP: 13/13
  1189 | Sewer    | Reached skill level 2 in Invocations
  1451 | D:4      | Noticed Eustachio
  1451 | D:4      | Noticed Edmund
  1468 | D:4      | Killed Edmund
  1468 | D:4      | Reached skill level 2 in Short Blades
  1468 | D:4      | Reached skill level 2 in Long Blades
  1468 | D:4      | Reached skill level 2 in Axes
  1468 | D:4      | Reached skill level 2 in Maces & Flails
  1468 | D:4      | Reached skill level 2 in Polearms
  1468 | D:4      | Reached skill level 2 in Staves
  1468 | D:4      | Reached skill level 2 in Slings
  1468 | D:4      | Reached skill level 2 in Bows
  1468 | D:4      | Reached skill level 2 in Crossbows
  1468 | D:4      | Reached skill level 2 in Throwing
  1468 | D:4      | Reached skill level 2 in Armour
  1468 | D:4      | Reached skill level 5 in Dodging
  1468 | D:4      | Reached skill level 2 in Stealth
  1468 | D:4      | Reached skill level 2 in Shields
  1468 | D:4      | Reached skill level 2 in Evocations
  1490 | D:4      | Killed Eustachio
  1490 | D:4      | Reached skill level 7 in Unarmed Combat
  1490 | D:4      | Reached XP level 7. HP: 47/52 MP: 10/15
  1499 | D:4      | Noticed Natasha
  1509 | D:4      | Killed Natasha
  1525 | D:4      | Reached skill level 2 in Conjurations
  1525 | D:4      | Reached skill level 2 in Hexes
  1525 | D:4      | Reached skill level 2 in Charms
  1525 | D:4      | Reached skill level 2 in Summonings
  1525 | D:4      | Reached skill level 2 in Necromancy
  1525 | D:4      | Reached skill level 2 in Translocations
  1525 | D:4      | Reached skill level 2 in Fire Magic
  1525 | D:4      | Reached skill level 2 in Ice Magic
  1525 | D:4      | Reached skill level 2 in Air Magic
  1525 | D:4      | Reached skill level 2 in Earth Magic
  1525 | D:4      | Reached skill level 2 in Poison Magic
  1687 | D:4      | Noticed Natasha
  1687 | D:4      | Noticed tidbits's ghost (amateur GnTm)
  1696 | D:4      | Killed Natasha
  1709 | D:4      | Learned a level 4 spell: Ice Form
  1715 | D:4      | Killed tidbits's ghost
  1715 | D:4      | Reached skill level 3 in Invocations
  1776 | D:5      | Entered Level 5 of the Dungeon
  1781 | D:5      | Reached XP level 8. HP: 60/60 MP: 16/16
  1890 | D:6      | Reached skill level 4 in Fighting
  1901 | D:6      | Reached skill level 3 in Short Blades
  1901 | D:6      | Reached skill level 3 in Long Blades
  1901 | D:6      | Reached skill level 3 in Axes
  1901 | D:6      | Reached skill level 3 in Maces & Flails
  1901 | D:6      | Reached skill level 3 in Polearms
  1901 | D:6      | Reached skill level 3 in Staves
  1901 | D:6      | Reached skill level 3 in Slings
  1901 | D:6      | Reached skill level 3 in Bows
  1901 | D:6      | Reached skill level 3 in Crossbows
  1901 | D:6      | Reached skill level 3 in Throwing
  1901 | D:6      | Reached skill level 3 in Armour
  1901 | D:6      | Reached skill level 3 in Stealth
  1901 | D:6      | Reached skill level 3 in Shields
  1901 | D:6      | Reached skill level 3 in Evocations
  1907 | D:6      | Noticed a two-headed ogre
  1918 | D:6      | Killed a two-headed ogre
  1918 | D:6      | Reached skill level 6 in Spellcasting
  1918 | D:6      | Reached skill level 3 in Conjurations
  1918 | D:6      | Reached skill level 3 in Hexes
  1918 | D:6      | Reached skill level 3 in Charms
  1918 | D:6      | Reached skill level 3 in Summonings
  1918 | D:6      | Reached skill level 3 in Necromancy
  1918 | D:6      | Reached skill level 3 in Translocations
  1918 | D:6      | Reached skill level 3 in Fire Magic
  1918 | D:6      | Reached skill level 3 in Ice Magic
  1918 | D:6      | Reached skill level 3 in Air Magic
  1918 | D:6      | Reached skill level 3 in Earth Magic
  1918 | D:6      | Reached skill level 3 in Poison Magic
  1918 | D:6      | Reached skill level 4 in Invocations
  1924 | D:6      | Reached XP level 9. HP: 28/66 MP: 18/18
  1926 | D:6      | Reached skill level 6 in Dodging
  1965 | D:6      | Reached skill level 5 in Transmutations
  2000 | D:6      | Killed from afar by an orc wizard

Vault maps used:
D:1:      minmay_arrival_jagged
D:2:      lemuel_doored_altar, first_ration
D:3:      cheibrodos_old_hovel, nicolae_overflow_crystal_walls,
          grunt_temple_overflow_cloverleaf, gup_sewer_entry_glass,
          minmay_shallow_snake_nest
D:4:      minmay_misc_feat_ornament, uniq_duvessa, uniq_natasha, uniq_eustachio,
          uniq_edmund
D:5:      xom_teletrap_fun, nicolae_ru_great_annihilating_truth,
          nicolae_ashenzari_panopticon, nicolae_qazlal_general_emergency,
          uniq_blork_the_orc
D:6:      minmay_temple_entry_butterflies, minmay_misc_feat_rugged
Sewer:    sewer_minmay_treatment

Skill      XL: |  1  2  3  4  5  6  7  8  9 |
---------------+----------------------------+-----
Spellcasting   | 5 6 |  6.4
Invocations    | 1 2 3 4 |  4.2
Short Blades   | 1 2 3 |  3.9
Long Blades    | 1 2 3 |  3.9
Axes           | 1 2 3 |  3.9
Maces & Flails | 1 2 3 |  3.9
Polearms       | 1 2 3 |  3.9
Staves         | 1 2 3 |  3.9
Slings         | 1 2 3 |  3.9
Bows           | 1 2 3 |  3.9
Crossbows      | 1 2 3 |  3.9
Throwing       | 1 2 3 |  3.9
Armour         | 1 2 3 |  3.9
Stealth        | 1 2 3 |  3.9
Shields        | 1 2 3 |  3.9
Evocations     | 1 2 3 |  3.9
Conjurations   | 1 2 3 |  3.2
Hexes          | 1 2 3 |  3.2
Charms         | 1 2 3 |  3.2
Summonings     | 1 2 3 |  3.2
Necromancy     | 1 2 3 |  3.2
Translocations | 1 2 3 |  3.2
Fire Magic     | 1 2 3 |  3.2
Ice Magic      | 1 2 3 |  3.2
Air Magic      | 1 2 3 |  3.2
Earth Magic    | 1 2 3 |  3.2
Poison Magic   | 1 2 3 |  3.2
Fighting       | 3 4 |  4.7
Transmutations | 4 5 |  5.0
Dodging        | 5 6 |  6.1
Unarmed Combat | 7 |  7.7

Action                   |  1- 3 |  4- 6 |  7- 9 || total
-------------------------+-------+-------+-------++-------
Melee: Unarmed           |    65 |   160 |    90 ||   315
       Bite              |     3 |       |       ||     3
       Kick              |     4 |       |       ||     4
       Headbutt          |     4 |       |       ||     4
 Cast: Beastly Appendage |    10 |       |       ||    10
       Spider Form       |     3 |    26 |     7 ||    36
       Sticks to Snakes  |     2 |    11 |     8 ||    21
       Ice Form          |       |       |     5 ||     5
 Abil: End Transformatio |       |       |     1 ||     1
  Use: Scroll            |     1 |     3 |     3 ||     7
       Potion            |       |     3 |     2 ||     5
 Stab: Sleeping          |       |     2 |     1 ||     3
       Distracted        |       |     2 |       ||     2
  Eat: Chunk             |       |     4 |     3 ||     7
Armor: Robe              |     9 |     1 |       ||    10
       Skin              |       |     3 |     5 ||     8
Dodge: Dodged            |    55 |   142 |    52 ||   249

Table legend:
 A = Spawn XP
 B = Non-spawn XP
 C = Spawn XP percentage of total XP
 D = Spawn monster count
 E = Non-spawn monster count
 F = Spawn count percentage of total count
 G = Total turns spent on level
                    A         B        C        D         E        F      G
               +---------+---------+-------+---------+---------+-------+---------
         Total |       0 |    2681 |   0.0 |       0 |     138 |   0.0 |  2000
               +---------+---------+-------+---------+---------+-------+---------
           D:1 |       0 |      29 |   0.0 |       0 |      18 |   0.0 |   306
           D:2 |       0 |      32 |   0.0 |       0 |       7 |   0.0 |   199
           D:3 |       0 |     147 |   0.0 |       0 |      26 |   0.0 |   497
           D:4 |       0 |     775 |   0.0 |       0 |      19 |   0.0 |   433
           D:5 |       0 |     108 |   0.0 |       0 |       4 |   0.0 |    18
           D:6 |       0 |    1384 |   0.0 |       0 |      16 |   0.0 |   206
         Sewer |       0 |     206 |   0.0 |       0 |      48 |   0.0 |   341
               +---------+---------+-------+---------+---------+-------+---------

Table legend:
 A = Turns spent in this place as a percentage of turns spent in the entire game.
 B = Non-inter-level travel turns spent in this place as a percentage of non-inter-level travel turns spent in the entire game.
 C = Inter-level travel turns spent in this place as a percentage of turns spent in this place.
 D = Turns resting spent in this place as a percentage of non-inter-level travel turns spent in this place.
 E = Turns spent auto-exploring this place as a percentage of non-inter-level travel turns spent in this place.
 F = Non-inter-level travel turns spent in this place divided by the number of levels of this place that you've seen.
                   A       B       C       D       E      F
               +-------+-------+-------+-------+-------+----------------------
         Total | 100.0 | 100.0 |   1.6 |   0.0 |   0.0 | 281.0
       Dungeon |  82.9 |  82.7 |   2.0 |   0.0 |   0.0 | 271.0
         Sewer |  17.0 |  17.3 |   0.0 |   0.0 |   0.0 | 341.0
               +-------+-------+-------+-------+-------+----------------------

Table legend:
 A = Kills in this place as a percentage of kills in entire the game.
 B = Kills by you in this place as a percentage of kills by you in the entire game.
 C = Kills by friends in this place as a percentage of kills by friends in the entire game.
 D = Other kills in this place as a percentage of other kills in the entire game.
 E = Experience gained in this place as a percentage of experience gained in the entire game.
 F = Experience gained in this place divided by the number of levels of this place that you have seen.
                   A       B       C       D       E      F
               +-------+-------+-------+-------+-------+----------------------
         Total | 100.0 | 100.0 | 100.0 |   N/A | 100.0 | 383.0
       Dungeon |  65.2 |  68.3 |  33.3 |   N/A |  92.3 | 412.5
         Sewer |  34.8 |  31.7 |  66.7 |   N/A |   7.7 | 206.0
               +-------+-------+-------+-------+-------+----------------------

Vault maps used:
D:1:      minmay_arrival_jagged
D:2:      lemuel_doored_altar, first_ration
D:3:      cheibrodos_old_hovel, nicolae_overflow_crystal_walls,
          grunt_temple_overflow_cloverleaf, gup_sewer_entry_glass,
          minmay_shallow_snake_nest
D:4:      minmay_misc_feat_ornament, uniq_duvessa, uniq_natasha, uniq_eustachio,
          uniq_edmund
D:5:      xom_teletrap_fun, nicolae_ru_great_annihilating_truth,
          nicolae_ashenzari_panopticon, nicolae_qazlal_general_emergency,
          uniq_blork_the_orc
D:6:      minmay_temple_entry_butterflies, minmay_misc_feat_rugged
Sewer:    sewer_minmay_treatment
